 Dungeon Crawl Stone Soup version 0.19-a0-1675-gc11f27c (webtiles) character file.

5348 Amciq the Ruffian (level 10, -7/98 HPs)
             Began as a Troll Monk on Sept 23, 2016.
             Was a Priest of Yredelemnul.
             Mangled by a troll (13 damage)
             ... on level 9 of the Dungeon.
             The game lasted 00:21:25 (6535 turns).

Amciq the Ruffian (Troll Monk)                      Turns: 6535, Time: 00:21:25

Health: -7/98      AC:  6    Str: 27    XL:     10   Next: 38%
Magic:  18/20      EV:  9    Int:  2    God:    Yredelemnul [***...]
Gold:   402        SH: 15    Dex: 14    Spells: 0 memorised, 9 levels left

rFire  . . .     SeeInvis .       - Unarmed
rCold  + . .     Gourm    +     a - +0 robe
rNeg   . . .     Faith    .     t - +0 large shield
rPois  .         Spirit   .     (helmet restricted)
rElec  .         Dismiss  .     v - +0 cloak
rCorr  +         Reflect  .     (gloves unavailable)
MR     +....     Harm     .     (boots unavailable)
Stlth  ++........ Clarity  +    (no amulet)
                                E - ring of the Invisible Hand {rCorr rC+ MR+ Int-2 Slay+4}
                                h - ring of magical power

@: mighty, lethally poisoned (-7 -> -8)
A: unfitting armour, claws 3, clarity, dopey 1, fast metabolism 3, gourmand,
regeneration 1, shaggy fur 1, tough skin 2, subdued magic 1, MP-powered wands
a: Recall Undead Slaves, Injury Mirror, Animate Dead, Renounce Religion


You were on level 9 of the Dungeon.
You worshipped Yredelemnul.
Yredelemnul was most pleased with you.
You were full.

You visited 3 branches of the dungeon, and saw 11 of its levels.

You collected 451 gold pieces.
You spent 49 gold pieces at shops.

Inventory:

Missiles
 l - 144 stones (quivered)
Armour
 a - a +0 robe (worn)
 t - a +0 large shield (worn)
 v - a +0 cloak (worn)
Jewellery
 h - a ring of magical power (left claw)
 E - the ring of the Invisible Hand (right claw) {rCorr rC+ MR+ Int-2 Slay+4}
   (You found it on level 7 of the Dungeon)

   [ring of resist corrosion]

   It affects your intelligence (-2).
   It affects your accuracy and damage with ranged weapons and melee attacks
   (+4).
   It protects you from cold.
   It affects your resistance to hostile enchantments.
Wands
 e - a wand of flame (23/48)
 w - a wand of hasting (4/9)
 y - a wand of disintegration (9/24)
 F - a wand of flame (30/48)
Scrolls
 i - 6 scrolls of identify {unknown}
 j - a scroll of random uselessness {unknown}
 m - a scroll of teleportation {unknown}
 n - 4 scrolls of remove curse {unknown}
 q - 5 scrolls of magic mapping {unknown}
 u - a scroll of noise {unknown}
 x - a scroll of fog {unknown}
 A - a scroll of enchant armour {unknown}
 B - 2 scrolls of fear {unknown}
 C - 2 scrolls of immolation {unknown}
 D - a scroll of brand weapon {unknown}
Potions
 f - 2 potions of brilliance
 g - 3 potions of curing
 o - 3 potions of flight
 r - a potion of beneficial mutation
 s - a potion of haste
Comestibles
 b - 6 bread rations
 c - 2 royal jellies
 k - 3 fruits
 p - 4 meat rations
 G - a slice of pizza


   Skills:
 + Level 6.0 Fighting
 + Level 5.4 Throwing
 + Level 5.2 Armour
 + Level 6.0 Dodging
 - Level 1.1 Stealth
 + Level 3.0 Shields
 + Level 7.3 Unarmed Combat
 + Level 3.2 Invocations


You had 9 spell levels left.
You didn't know any spells.

Dungeon Overview and Level Annotations

Branches:
Dungeon (9/15)             Temple (1/1) D:5            Lair (1/6) D:8
    Orc: D:9-12

Altars:
Ashenzari
Cheibriados
Hepliaklqana
Kikubaaqudgha
Qazlal
Ru
Sif Muna
Trog
Xom
Yredelemnul
The Shining One

Shops:
D:5 [


Innate Abilities, Weirdness & Mutations

You are too large for most types of armour.
You have claws for hands.
Your metabolism is lightning-fast.
You like to eat raw meat.
Your natural rate of healing is unusually fast.
You are covered in fur. (AC +1)
You have very tough skin. (AC +2)
You possess an exceptional clarity of mind.
You are dopey. (Int -2)
Your spells are a little easier to cast, but a little less powerful.
You expend magic power (3 MP) to strengthen your wands.


Message History

* * * LOW HITPOINT WARNING * * *
You are poisoned.
The water moccasin poisons you!
You hear some strange, mumbled words.
Something tries to affect you, but you resist.
As you read the scroll labeled GIYBRI MOAGYL, it crumbles to dust.
It is a scroll of recharging.
Charge which item? (? for menu, Esc to quit)
Really abort (and waste the scroll)?
Okay, then.
You feel sick.
The water moccasin bites you but does no damage.
The orc priest looks satisfied for a moment.
You block something's attack. You block the water moccasin's attack.
It was a potion of beneficial mutation.
Your thoughts seem clearer.
You feel fantastic!
You feel sick. You block the troll's attack. The troll claws you!
You die...
Your body rises from the dead as a mindless zombie. .......5...###.......# o......o...# #.......# ..........# #.......# .........# #.......# ........# #ooooo..#

....
#.ooS...#
###†###.#
#####o###.#
#@Sooo....#
#)To......#
#oo.......#
#.........#
#######.#.#
#...# ##..#
#.># ###
##.# #..


You could see a troll, a water moccasin, an orc priest and 6 orcs.

Vanquished Creatures
  Pikel (D:5)
  Joseph (D:7)
  A two-headed ogre (D:9)
  Prince Ribbit (D:7)
  A hippogriff (D:6)
  4 yaks
  A water moccasin (Lair:1)
  3 orc warriors
  4 sky beasts
  A necrophage (D:9)
  An ice beast (D:6)
  2 ogres
  A phantom (D:8)
  4 centaurs
  6 bullfrogs
  3 scorpions
  4 killer bees (D:9)
  2 howler monkeys
  A wasp zombie (D:8)
  A centaur zombie (D:6)
  A quasit (D:8)
  4 crimson imps
  A hound (D:4)
  A jelly (D:7)
  A centaur skeleton (D:4)
  3 orc priests
  10 orc wizards
  Crazy Yiuf (D:5)
  Terence (D:2)
  2 iguanas
  4 worker ants
  A killer bee zombie (D:7)
  A hound zombie (D:7)
  A hound skeleton (D:6)
  A worker ant zombie (D:7)
  A howler monkey skeleton (D:7)
  9 adders
  2 shadow imps
  An ooze (D:6)
  An adder zombie (D:6)
  2 dart slugs (D:1)
  3 worms
  11 leopard geckos
  22 orcs
  5 giant cockroaches
  6 goblins
  6 hobgoblins
  7 kobolds
  2 quokkas
  A ball python (D:2)
  5 bats
  2 frilled lizards
  A jackal skeleton (D:4)
  8 rats
171 creatures vanquished.

Vanquished Creatures (collateral kills)
  A phantom (D:7)
  A jelly (D:8)
  An orc priest (D:8)
  A killer bee zombie (D:6)
  An orc (D:7)
5 creatures vanquished.

Vanquished Creatures (others)
  A centaur (D:6)
  A bullfrog zombie (D:7)
  A human zombie (D:7)
  A mummy (D:9)
  A howler monkey zombie (D:9)
  2 adder zombies
  2 jackals (D:5)
9 creatures vanquished.

Grand Total: 185 creatures vanquished

Notes
Turn   | Place    | Note
-------+----------+-------------------------------------------
     0 | D:1      | Amciq the Troll Monk began the quest for the Orb.
     0 | D:1      | Reached XP level 1. HP: 22/22 MP: 0/0
   103 | D:1      | Reached XP level 2. HP: 25/29 MP: 1/1
   142 | D:1      | Found a shattered altar of Ashenzari.
   551 | D:1      | Reached skill level 1 in Armour
   671 | D:2      | Noticed Terence
   699 | D:2      | Killed Terence
   699 | D:2      | Reached XP level 3. HP: 29/36 MP: 2/2
  1156 | D:3      | Reached XP level 4. HP: 41/44 MP: 3/3
  1396 | D:3      | Found a faded altar of an unknown god.
  1408 | D:3      | Gained mutation: You expend magic power (3 MP) to strengthen your wands. [potion of mutation]
  1408 | D:3      | Gained mutation: You are dopey. (Int -2) [potion of mutation]
  1408 | D:3      | Gained mutation: Your spells are a little easier to cast, but a little less powerful. [potion of mutation]
  1423 | D:3      | Reached XP level 5. HP: 18/53 MP: 4/4
  2034 | D:4      | Noticed a yak
  2039 | D:4      | Noticed a yak
  2047 | D:4      | Noticed a yak
  2048 | D:4      | Noticed a yak
  2049 | D:4      | Killed a yak
  2049 | D:4      | Reached skill level 1 in Throwing
  2049 | D:4      | Reached skill level 4 in Unarmed Combat
  2049 | D:4      | Reached XP level 6. HP: 31/61 MP: 5/5
  2115 | D:3      | Killed a yak
  2208 | D:4      | Killed a yak
  2208 | D:4      | Reached XP level 7. HP: 9/68 MP: 6/6
  3071 | D:4      | Killed a yak
  3071 | D:4      | Reached skill level 5 in Unarmed Combat
  3164 | D:4      | Reached XP level 8. HP: 69/79 MP: 7/7
  3180 | D:5      | Entered Level 5 of the Dungeon
  3227 | D:5      | Noticed Pikel
  3242 | D:5      | Killed Pikel
  3351 | D:5      | Found Ycugeos's Armour Shoppe.
  3365 | D:5      | Bought a +0 large shield for 49 gold pieces
  3564 | D:5      | Found a staircase to the Ecumenical Temple.
  3570 | Temple   | Entered the Ecumenical Temple
  3577 | Temple   | Became a worshipper of Yredelemnul the Dark
  3577 | Temple   | Reached * piety under Yredelemnul
  3577 | Temple   | Reached ** piety under Yredelemnul
  3659 | D:5      | Found a runed door.
  4051 | D:5      | Noticed Crazy Yiuf
  4061 | D:5      | Killed Crazy Yiuf
  4112 | D:6      | Reached skill level 5 in Fighting
  4112 | D:6      | Reached skill level 5 in Dodging
  4159 | D:6      | Reached skill level 1 in Invocations
  4195 | D:6      | Reached skill level 1 in Shields
  4195 | D:6      | Reached skill level 6 in Unarmed Combat
  4195 | D:6      | Reached XP level 9. HP: 75/88 MP: 8/8
  4809 | D:7      | Got a scintillating glass ring
  4810 | D:7      | Identified the ring of the Invisible Hand {rCorr rC+ MR+ Int-2 Slay+4} (You found it on level 7 of the Dungeon)
  4830 | D:7      | Noticed Joseph
  4846 | D:7      | Killed Joseph
  5027 | D:7      | Noticed Prince Ribbit
  5046 | D:7      | Killed Prince Ribbit
  5192 | D:7      | Your ally Prince Ribbit died
  5307 | D:7      | Reached *** piety under Yredelemnul
  5543 | D:7      | Reached skill level 5 in Armour
  5745 | D:8      | Reached XP level 10. HP: 82/98 MP: 11/11
  5752 | D:8      | Found a deep blue altar of Sif Muna.
  5849 | D:8      | Reached skill level 5 in Throwing
  6140 | D:8      | Reached skill level 7 in Unarmed Combat
  6257 | D:8      | Found a staircase to the Lair.
  6331 | Lair:1   | Entered Level 1 of the Lair of Beasts
  6339 | Lair:1   | Noticed a five-headed hydra
  6391 | D:9      | Reached **** piety under Yredelemnul
  6515 | D:9      | Received a gift from Yredelemnul (a mummy)
  6530 | D:9      | HP: 1/98 [water moccasin (6)]
  6535 | D:9      | Gained mutation: You possess an exceptional clarity of mind. [potion of beneficial mutation]
  6535 | D:9      | Mangled by a troll

Vault maps used:
D:1:      moated_graveyard_arrival, hangedman_decor_opposing, ashenzari_altar_1
D:2:      uniq_terence
D:3:      ecumenical_altar_2
D:4:      portal_sewer_entry_d, first_bread, hex_large, eino_curves_03
D:5:      serial_shops, nicolae_shop_temple_entry_statues_fountains,
          kennysheep_generic_room_12, uniq_pikel, uniq_crazy_yiuf_cottage
D:7:      uniq_joseph, uniq_prince_ribbit1
D:8:      kennysheep_orc_sif_temple, lair_0_dummy
D:9:      david_orc_5
Temple:   compressed_dpeg_triangle_lava_temple
Lair:1:   portal_ice_cave_entry_imps, patterned_corridor

Skill      XL: |  1  2  3  4  5  6  7  8  9 10 |
---------------+-------------------------------+-----
Armour         | 1 2 3 4 5 |  5.2
Dodging        | 3 4 5 6 |  6.0
Fighting       | 3 4 5 6 |  6.0
Throwing       | 1 2 3 4 5 |  5.4
Unarmed Combat | 4 5 6 7 |  7.3
Invocations    | 1 2 3 |  3.2
Shields        | 1 2 3 |  3.0
Stealth        | |  1.1

Action                   |  1- 3 |  4- 6 |  7- 9 | 10-12 || total
-------------------------+-------+-------+-------+-------++-------
Melee: Unarmed           |    96 |    88 |   271 |   130 ||   585
       Punch             |     2 |     1 |       |       ||     3
Throw: Stone             |       |       |     6 |       ||     6
Invok: Animate Remains   |       |       |     8 |       ||     8
       Animate Dead      |       |       |     1 |     5 ||     6
       Injury Mirror     |       |       |       |     1 ||     1
  Use: Potion            |     4 |     4 |       |     6 ||    14
       Scroll            |       |       |       |     1 ||     1
 Stab: Sleeping          |     1 |     1 |     6 |       ||     8
       Distracted        |       |       |     3 |     1 ||     4
  Eat: Chunk             |     7 |    19 |    31 |    10 ||    67
Armor: Robe              |    24 |    10 |    42 |    23 ||    99
Dodge: Dodged            |    45 |    45 |    70 |    42 ||   202
Block: Large shield      |       |       |    98 |    99 ||   197
